 Dungeon Crawl Stone Soup version 0.17-a0-977-g4154171 (webtiles) character file.

220 midnightclimax the Poker (level 5, -1/43 HPs)
             Began as a Merfolk Berserker on May 10, 2015.
             Was a Believer of Qazlal.
             Slain by a worker ant (2 damage)
             ... on level 4 of the Dungeon.
             The game lasted 00:25:26 (2871 turns).

midnightclimax the Poker (Merfolk Berserker)        Turns: 2871, Time: 00:25:28

Health: -1/43      AC:  5    Str: 16 (19) XL:     5   Next: 97%
Magic:  5/5        EV: 12    Int:  6      God:    Qazlal [**....]
Gold:   97         SH:  2    Dex: 13      Spells: 0 memorised, 4 levels left

rFire  + . .     SeeInvis .     v - +0 morningstar
rCold  + . .     Clarity  .     h - +0 ring mail
rNeg   + . .     SustAb   .     (no shield)
rPois  +         Gourm    .     (no helmet)
rElec  +         Spirit   .     (no cloak)
rCorr  +         Warding  .     (no gloves)
rMut   .         Stasis   .     (no boots)
MR     .....                    (no amulet)
Stlth  +.........               (no ring)
                                k - ring of positive energy

@: lethally poisoned (-1 -> -7), resistant, not resistant to hostile
enchantments, very unstealthy
A: change form in water, swift swim
a: Upheaval, Renounce Religion


You were on level 4 of the Dungeon.
You worshipped Qazlal.
Qazlal was pleased with you.
You were not hungry.

You visited 1 branch of the dungeon, and saw 4 of its levels.

You collected 97 gold pieces.

Inventory:

Hand weapons
 a - a +0 spear
 t - a +0 hand axe
 v - a +0 morningstar (weapon)
Missiles
 b - 16 bolts
 f - 30 poisoned needles
 q - 14 arrows
Armour
 h - a +0 ring mail (worn)
Jewellery
 k - a ring of positive energy (left hand)
Scrolls
 i - 2 scrolls of identify {unknown}
 j - 2 scrolls of immolation {unknown}
 l - a scroll of enchant weapon {unknown}
 p - a scroll of remove curse {unknown}
 u - a scroll of magic mapping {unknown}
 w - 3 scrolls of blinking {unknown}
Potions
 e - a potion of agility {unknown}
 g - a potion of haste
 m - a potion of magic {unknown}
 o - a potion of poison {unknown}
 s - a potion of flight {unknown}
Comestibles
 c - 3 bread rations
 n - a meat ration


   Skills:
 + Level 4.6 Fighting
 + Level 0.2(1.9) Axes
 + Level 0.1(0.2) Maces & Flails
 + Level 5.5(5.6) Polearms
 + Level 2.4 Armour
 + Level 4.6 Dodging
 + Level 0.2 Stealth


You had 4 spell levels left.
You didn't know any spells.

Dungeon Overview and Level Annotations

Branches:
Dungeon (4/15)
 Temple: D:4-7

Altars:
Elyvilon
Kikubaaqudgha
Qazlal
Yredelemnul


Message History

The worker ant is heavily wounded.
The worker ant closely misses you.
You hit the worker ant but do no damage.
The worker ant is heavily wounded.
You feel sick. The worker ant bites you.
* * * LOW HITPOINT WARNING * * *
You are more poisoned.
The worker ant poisons you! The worker ant bites you.
* * * LOW HITPOINT WARNING * * *
You feel better. The worker ant bites you!
* * * LOW HITPOINT WARNING * * *
You are lethally poisoned!
The worker ant poisons you!
It was a potion of resistance.
You feel protected.
* * * LOW HITPOINT WARNING * * *
You feel sick. The worker ant bites you.
* * * LOW HITPOINT WARNING * * *
The orc completely misses you. The worker ant bites you.
You die...

.....# .....# .....#
#########+#....#
#......##.#....# .
+.......#.#....# ...
#...........####.....
#.......†...a@§......
##<...#...<.o........
##.#.>.........#....
#.##..........# ...
..##..........# .
....#............
+....#.............
....###...........
#....#


You could see a worker ant and an orc.

Vanquished Creatures
  2 hounds (D:4)
  7 adders
  2 adder zombies (D:3)
  An adder skeleton (D:3)
  A worm (D:3)
  12 orcs (D:3)
  2 bat skeletons (D:3)
  2 bat zombies (D:3)
  6 goblins
  5 hobgoblins
  4 jackals (D:1)
  4 kobolds (D:2)
  A quokka (D:2)
  4 bats
  3 giant cockroaches
  A giant cockroach zombie (D:3)
  A giant gecko skeleton (D:3)
  5 giant newts
  A jackal skeleton (D:3)
  A jackal zombie (D:3)
  A quokka skeleton (D:3)
  A quokka zombie (D:3)
  11 rats
  A spectral orc (D:3)
  A plant (D:3)
80 creatures vanquished.

Notes
Turn   | Place    | Note
--------------------------------------------------------------
     0 | D:1      | midnightclimax, the Merfolk Berserker, began the quest for the Orb.
     0 | D:1      | Reached XP level 1. HP: 18/18 MP: 1/1
   228 | D:1      | Reached XP level 2. HP: 17/24 MP: 2/2
   917 | D:2      | Found a stormy altar of Qazlal.
   930 | D:2      | Fell from the grace of Trog
   930 | D:2      | Became a worshipper of Qazlal Stormbringer
   975 | D:2      | Reached XP level 3. HP: 22/30 MP: 3/3
  1039 | D:2      | Found an ancient bone altar of Kikubaaqudgha.
  1228 | D:2      | Reached skill level 5 in Polearms
  1472 | D:2      | Reached XP level 4. HP: 35/37 MP: 4/4
  1936 | D:3      | Found a basalt altar of Yredelemnul.
  2035 | D:3      | Found a white marble altar of Elyvilon.
  2039 | D:3      | Acquired Qazlal's first power
  2428 | D:3      | Reached XP level 5. HP: 35/42 MP: 5/5
  2813 | D:3      | Acquired Qazlal's second power
  2871 | D:4      | HP: 1/43 [worker ant (3)]
  2871 | D:4      | Slain by a worker ant

Vault maps used:
D:1:      grunt_arrival_crossed_arrows
D:2:      lemuel_crystal_altar, nicolae_overflow_hidden_temple
D:3:      overflow_temple_1_default, yredelemnul_forgotten_temple_becter,
          serial_undead, serial_undead_a, serial_undead_b, serial_undead_c,
          serial_undead_d, serial_undead_c, serial_undead_c, serial_undead_b,
          serial_undead_a, serial_undead_a, serial_undead_d, first_bread,
          wad_orctagon
D:4:      minmay_goblin_kobold_castle, grunt_temple_overflow_champion_of_chaos

Action                   |  1- 3 |  4- 6 || total
-------------------------+-------+-------++-------
Melee: Spear             |   111 |   136 ||   247
       Morningstar       |       |    43 ||    43
       Hand axe          |       |    20 ||    20
  Use: Potion            |     6 |     2 ||     8
  Eat: Bread ration      |     1 |     1 ||     2
